 Dungeon Crawl Stone Soup version 0.29-a0-1009-g60c99734e7 (webtiles) character file.

Game seed: 10790459682749438781

136 hquester1 the Shield-Bearer (level 4, 0/40 HPs)
             Began as a Minotaur Fighter on Aug 8, 2022.
             Slain by Grinder (6 damage)
             ... on level 3 of the Dungeon.
             The game lasted 00:04:47 (1766 turns).

hquester1 the Shield-Bearer (Minotaur Fighter)      Turns: 1766, Time: 00:04:48

Health: 0/40       AC: 11    Str: 22    XL:     4   Next: 98%
Magic:  3/3        EV:  9    Int:  5    God:
Gold:   128        SH:  5    Dex: 10    Spells: 3/3 levels left

rFire   . . .      SeeInvis .   a - +0 war axe
rCold   . . .      Faith    .   c - +0 buckler
rNeg    . . .      Spirit   .   b - +0 scale mail
rPois   +          Reflect  .   (helmet restricted)
rElec   .          Harm     .   (no cloak)
rCorr   .          Rampage  .   j - +0 pair of gloves
Will    .....                   e - +2 pair of boots
Stlth   ..........              (no amulet)
HPRegen 0.13/turn               q - ring of poison resistance
MPRegen 0.08/turn               (no ring)

@: no status effects
A: horns 2, retaliatory headbutt
a: no special abilities


You were on level 3 of the Dungeon.
You visited 1 branch of the dungeon, and saw 3 of its levels.

You collected 128 gold pieces.

Inventory:

Hand Weapons
 a - a +0 war axe (weapon)
 l - a +1 whip of electrocution
 t - a +1 dagger of protection
Armour
 b - a +0 scale mail (worn)
 c - a +0 buckler (worn)
 e - a +2 pair of boots (worn)
 f - a +0 plate armour
 j - a +0 pair of gloves (worn)
Jewellery
 i - a ring of wizardry
 q - a ring of poison resistance (left hand)
Scrolls
 g - 4 scrolls of identify {unknown}
 h - a scroll of teleportation {unknown}
 k - a scroll of noise {unknown}
 m - a scroll of silence {unknown}
 r - a scroll of enchant armour {unknown}
Potions
 d - a potion of might
 n - a potion of cancellation {unknown}
 o - a potion of mutation {unknown}
 p - 2 potions of invisibility {unknown}
 s - a potion of degeneration {unknown}


   Skills:
 + Level 4.1 Fighting
 + Level 3.1 Axes
 + Level 4.2 Armour
 + Level 1.5 Dodging
 + Level 1.3 Stealth
 * Level 4.9 Shields


You had 3 spell levels left.
You didn't know any spells.
Your spell library contained the following spells:

 Spells                   Type           Power      Damage    Failure   Level
 Summon Small Mammal      Summ           0%         N/A       87%         1
 Static Discharge         Conj/Air       0%         3-3/arc   95%         2
 Call Canine Familiar     Summ           0%         N/A       99%         3
 Gell's Gravitas          Tloc           0%         N/A       99%         3
 Lesser Beckoning         Tloc           0%         N/A       99%         3
 Summon Guardian Golem    Hex/Summ       0%         N/A       99%         3
 Teleport Other           Tloc           0%         N/A       99%         3
 Dispel Undead            Necr           0%         3d6       100%        4
 Sticky Flame             Conj/Fire      0%         2d3       100%        4


Dungeon Overview and Level Annotations

Branches:
Dungeon (3/15)

Altars:

Annotations:
D:3 Grinder


Innate Abilities, Weirdness & Mutations

You have a pair of horns on your head.
You reflexively headbutt those who attack you in melee.


Message History

The giant cockroach attacks as you move away!
The giant cockroach bites you.
The giant cockroach attacks as you move away!
The giant cockroach bites you but does no damage.
You barely miss the giant cockroach.
Your headbutt misses the giant cockroach.
The giant cockroach bites you but does no damage. x2
You barely miss the giant cockroach. You headbutt the giant cockroach.
The giant cockroach is moderately wounded.
The giant cockroach bites you but does no damage.
You slash the giant cockroach!
You kill the giant cockroach!
Grinder says, "I used to sell toenails on the black market."
Grinder blinks!
Grinder says, "What is the universe for?"
Grinder blinks!
A worm comes into view.
Grinder blinks!
Grinder gestures at you. Pain shoots through your body!
Grinder gestures at you. Pain shoots through your body!
You slash Grinder!
Grinder is moderately wounded.
Grinder barely misses you.
You barely miss Grinder.
Grinder is moderately wounded.
Grinder hits you but does no damage.
You slash Grinder!
Grinder is heavily wounded.
You block Grinder's attack. Grinder gestures at you.
Pain shoots through your body!
* * * LOW HITPOINT WARNING * * *
You barely miss Grinder. You headbutt Grinder.
Grinder is heavily wounded.
Grinder hits you.
* * * LOW HITPOINT WARNING * * *
You writhe in agony.
You die...

.....##.....#
......#.....#
.#
........###.#
.#
######...##.#
.#
##.†.#.###.#
#..#.#..#..#
#.##..w.#.##
#..
###.....#####
#.#
###...@5..#
#. ###)#..###
.. #...#..#
.# ..
#.....## .#.
.....###.##
... ..####
#..# .# ##.#
##.# # #..#
#.### # ##..#
#...#


You could see Grinder and a worm.

Vanquished Creatures
  Natasha (thrice) (D:2)
  An adder (D:3)
  6 ball pythons
  7 bats
  5 endoplasms
  7 giant cockroaches
  2 goblins
  5 hobgoblins
  4 kobolds
  2 quokkas (D:1)
  2 frilled lizards (D:1)
  4 rats (D:2)
48 creatures vanquished.

Notes
Turn   | Place    | Note
-------+----------+-------------------------------------------
     0 | D:1      | hquester1 the Minotaur Fighter began the quest for the Orb.
     0 | D:1      | Reached XP level 1. HP: 19/19 MP: 0/0
   165 | D:1      | Reached XP level 2. HP: 27/27 MP: 1/1
   421 | D:1      | Reached XP level 3. HP: 33/33 MP: 2/2
   714 | D:1      | Found Kimaffat's Antique Armour Emporium.
   937 | D:2      | Reached skill level 1 in Dodging
  1169 | D:2      | Found a faded altar of an unknown god.
  1274 | D:2      | Noticed Natasha
  1281 | D:2      | Killed Natasha
  1282 | D:2      | Reached skill level 1 in Stealth
  1282 | D:2      | Reached XP level 4. HP: 31/40 MP: 3/3
  1326 | D:2      | Noticed Natasha
  1332 | D:2      | Killed Natasha
  1503 | D:2      | Noticed Natasha
  1504 | D:2      | Killed Natasha
  1739 | D:3      | Noticed Grinder
  1766 | D:3      | Slain by Grinder

Illustrated notes

Levels and vault maps discovered:
D:1:      kilobyte_arrival_exit_the_forest, layout_basic, serial_shops, shop,
          hangedman_decor_slide_cut
D:2:      layout_basic, hellmonk_ecumenical_altar_slurped_away, uniq_natasha
D:3:      layout_rooms, uniq_grinder

Skill      XL: |  1  2  3  4 |
---------------+-------------+-----
Shields        | 4 |  4.9
Dodging        | 1 |  1.5
Armour         | 4 |  4.2
Stealth        | 1 |  1.3
Fighting       | 4 |  4.1
Axes           | 3 |  3.1

Action                   |  1- 3 |  4- 6 || total
-------------------------+-------+-------++-------
Melee: War axe           |    81 |    29 ||   110
       Headbutt          |    12 |     4 ||    16
Armor: Scale mail        |    45 |    17 ||    62
Dodge: Dodged            |    56 |    16 ||    72
Block: Buckler           |    19 |     5 ||    24

Table legend: (Time is in decaauts)
 A = Elapsed time spent in this place.
 B = Non-inter-level travel time spent in this place.
 C = Inter-level travel time spent in this place.
 D = Time resting spent in this place.
 E = Time spent auto-exploring this place.
 F = Levels seen in this place.
 G = Mean time per level.
                   A        B        C        D        E       F      G
               +--------+--------+--------+--------+--------+-----+--------+
         Total |   1819 |   1787 |     32 |      0 |   1259 |   3 |  606.3 |
       Dungeon |   1819 |   1787 |     32 |      0 |   1259 |   3 |  606.3 |
               +--------+--------+--------+--------+--------+-----+--------+

Top non-repeatable levels by time:
     D:1: 967 daAuts
     D:2: 713 daAuts
     D:3: 139 daAuts
